 Dungeon Crawl Stone Soup version 0.17-a0-1651-gae1a69f (webtiles) character file.

4050 PhoenixCNY the Cruncher (level 10, 0/142 HPs)
             Began as a Minotaur Berserker on Aug 14, 2015.
             Was a High Priest of Trog.
             Slain by an orc knight
             ... wielding a +0 halberd
              (2 damage)
             ... in a bailey.
             The game lasted 00:40:40 (6724 turns).

PhoenixCNY the Cruncher (Minotaur Berserker)        Turns: 6724, Time: 00:40:40

Health: 0/142      AC: 20    Str: 27    XL:     10   Next: 4%
Magic:  9/9        EV:  8    Int: 12    God:    Trog [*****.]
Gold:   640        SH:  0    Dex: 13    Spells: 0 memorised, 9 levels left

rFire  . . .     SeeInvis .     h - +0 halberd
rCold  . . .     Clarity  .     G - +0 plate armour of Grace {Int+8}
rNeg   . . .     SustAt   .     (no shield)
rPois  .         Gourm    .     o - +2 hat
rElec  .         Spirit   .     y - +2 cloak {MR+}
rCorr  .         Warding  .     k - +2 pair of gloves
rMut   .         Stasis   .     E - +0 pair of boots
MR     +....                    (no amulet)
Stlth  ..........               (no ring)
                                (no ring)

@: berserking (expiring), very quick, somewhat resistant to hostile
enchantments, extremely unstealthy
A: retaliatory headbutt, horns 2
a: Burn Spellbooks, Berserk, Trog's Hand, Brothers in Arms, Renounce Religion


You were in a bailey.
You worshipped Trog.
Trog was extremely pleased with you.
You were not hungry.

You visited 1 branch of the dungeon, and saw 8 of its levels.
You also visited: Sewer, Ossuary and Bailey.

You collected 688 gold pieces.
You spent 48 gold pieces at shops.

Inventory:

Hand weapons
 a - a +0 mace
 b - a +3 morningstar of crushing
 h - a +0 halberd (weapon)
 t - a +0 morningstar
 x - a +4 quarterstaff of chaos
 z - a cursed -1 hammer
 D - a +2 mace of protection
 F - a +2 hunting sling of flaming
 J - a +0 spear of venom
 K - a +0 whip of freezing
Armour
 g - a +0 chain mail
 k - a +2 pair of gloves (worn)
 o - a +2 hat (worn)
 p - a cursed +0 scale mail
 y - a +2 cloak of magic resistance (worn)
 B - a cursed +0 scale mail
 E - a +0 pair of boots (worn)
 G - the +0 plate armour of Grace (worn) {Int+8}
   (You took it off an orc warrior in a bailey)

   It affects your intelligence (+8).
 L - a +0 cloak
 R - a +0 pair of gloves
 S - a cursed +0 ring mail
Jewellery
 w - an uncursed amulet of warding
 P - an uncursed amulet of stasis
Magical devices
 m - a wand of confusion (27)
 q - a wand of fireball (15)
 s - a wand of magic darts (33)
 v - a wand of digging (14)
Scrolls
 l - 5 scrolls of remove curse
 M - a scroll of recharging
 Q - a scroll of teleportation {unknown}
Potions
 d - 2 potions of might {unknown}
 e - 3 potions of beneficial mutation {unknown}
 f - 3 potions of curing
 i - a potion of mutation {unknown}
 j - 4 potions of lignification {unknown}
 n - a potion of haste {unknown}
 r - 5 potions of heal wounds {unknown}
 u - 4 potions of brilliance {unknown}
 H - a potion of flight {unknown}
 I - a potion of berserk rage {unknown}
 N - a potion of resistance {unknown}
 O - a potion of ambrosia {unknown}
Comestibles
 c - 2 bread rations
 A - a beef jerky
 C - 3 meat rations


   Skills:
 + Level 11.0 Fighting
 * Level 6.6(10.2) Maces & Flails
 - Level 12.0(12.6) Staves
 - Level 2.5 Armour
 - Level 2.4 Dodging
 - Level 1.4 Stealth


You had 9 spell levels left.
You didn't know any spells.

Dungeon Overview and Level Annotations

Branches:
Dungeon (8/15)             Temple (0/1) D:4
   Lair: D:8-11

Altars:
Ashenzari
Cheibriados
Elyvilon
Qazlal
Trog
Xom

Shops:
D:4 (   D:7 !


Innate Abilities, Weirdness & Mutations

You reflexively headbutt those who attack you in melee.
You have a pair of horns on your head.


Message History

Okay, then.
Use which ability? (? or * to list)
You cannot go berserk while under stasis.
You remove your amulet of stasis.
Use which ability? (? or * to list)
A red film seems to cover your vision as you go berserk!
You feel yourself moving faster!
You feel mighty!
You feel somewhat more hungry.
The orc knight hits you but does no damage.
You hit the orc knight.
The orc knight is lightly wounded.
The orc knight hits you with a halberd!!
* * * LOW HITPOINT WARNING * * *
Your plate armour of Grace prevents you from hitting the orc knight.
The orc knight is lightly wounded.
The orc knight completely misses you.
You feel a strong urge to attack something.
The orc knight completely misses you.
The orc knight hits you from afar with a halberd.
You die...

≈≈≈≈≈≈..##.∩.##..≈≈≈≈≈≈≈≈≈≈.#
..[...)##.....##..........≈.#
#######)###'#############.≈.#
#.........##.....##.≈.# #
#..≈≈≈≈≈≈≈..#'..o##..≈.# ##
#..≈≈(....≈≈.o## ##..≈≈.# .#
#..≈§..⌠⌠⌠.o≈≈..# #..≈≈.##
.#+#..≈≈...⌠§.o≈≈..# #..≈≈.∩#
##.##..≈≈.§...≈§@.## ##..≈≈.#
#...'#..≈§≈≈≈≈≈..## ##..≈.#
.....##.........##..$$.##.≈.#
######## ##'#### ########.≈.#
.......##... #####..≈.#
≈≈≈≈≈≈.)## #######≈≈≈≈≈≈≈.#
.....≈≈..## ##)).##.........#
####..≈≈..###))≈..##.########
##..≈≈....)≈≈...##...####


You could see 3 orc knights.

Vanquished Creatures
  Pikel (D:7)
  Joseph (D:7)
  A centaur skeleton (D:7)
  An ice beast (D:7)
  Menkaure (D:4)
  A steam dragon (D:7)
  A naga (D:6)
  3 orc warriors (Bailey)
  A water moccasin (D:5)
  A slave (D:7)
  2 ogres
  A black bear (D:7)
  3 sky beasts
  2 giant frogs (Sewer)
  A wyvern skeleton (D:5)
  A scorpion (D:4)
  A giant frog zombie (D:5)
  4 hounds
  2 jellies (D:2)
  Crazy Yiuf (D:3)
  6 orc priests
  9 orc wizards
  Jessica (D:3)
  An iguana (D:4)
  2 worker ants
  A hound zombie (D:5)
  A hound skeleton (D:5)
  8 mummies (Ossuary)
  4 gnolls (D:6)
  16 adders
  A shadow imp (D:7)
  11 oozes
  3 adder skeletons
  3 worms
  11 giant geckos
  43 orcs
  6 giant cockroaches
  3 gnoll zombies (Ossuary)
  12 goblins
  7 hobgoblins
  13 jackals
  A sheep (D:2)
  6 ball pythons (Sewer)
  6 bats
  9 giant newts
  A hobgoblin zombie (Ossuary)
  5 kobolds
  4 orc zombies (Ossuary)
  5 quokkas
  A quokka skeleton (D:6)
  6 rats
236 creatures vanquished.

Vanquished Creatures (others)
  A slave (D:7)
  An adder (D:7)
  An orc (D:8)
  A quokka (D:7)
4 creatures vanquished.

Grand Total: 240 creatures vanquished

Notes
Turn   | Place    | Note
--------------------------------------------------------------
     0 | D:1      | PhoenixCNY the Minotaur Berserker began the quest for the Orb.
     0 | D:1      | Reached XP level 1. HP: 19/19 MP: 0/0
    52 | D:1      | Reached XP level 2. HP: 12/27 MP: 1/1
   116 | D:1      | Reached skill level 4 in Maces & Flails
   705 | D:2      | Reached XP level 3. HP: 34/34 MP: 2/2
   734 | D:2      | Acquired Trog's second power
   870 | D:2      | Reached skill level 5 in Fighting
   870 | D:2      | Reached XP level 4. HP: 15/42 MP: 3/3
  1071 | D:2      | Found a shimmering altar of Xom.
  1082 | D:2      | Reached skill level 5 in Maces & Flails
  1414 | D:3      | Reached skill level 1 in Stealth
  1414 | D:3      | Reached XP level 5. HP: 48/48 MP: 4/4
  1612 | D:3      | Reached skill level 6 in Fighting
  1721 | D:3      | Noticed Jessica
  1726 | D:3      | Killed Jessica
  1767 | D:3      | Reached XP level 6. HP: 57/57 MP: 5/5
  2209 | D:3      | Noticed Crazy Yiuf
  2211 | D:3      | Paralysed by Crazy Yiuf for 2 turns
  2215 | D:3      | Killed Crazy Yiuf
  2503 | D:4      | Found a staircase to the Ecumenical Temple.
  2531 | D:4      | Reached skill level 1 in Staves
  2578 | D:4      | Noticed Menkaure
  2592 | D:4      | Killed Menkaure
  2592 | D:4      | Reached skill level 7 in Fighting
  2892 | D:4      | Found Omuy's Antique Weapon Boutique.
  2900 | D:4      | Bought a runed mace for 48 gold pieces
  3151 | D:4      | Reached XP level 7. HP: 66/66 MP: 6/6
  3190 | D:5      | Entered Level 5 of the Dungeon
  3240 | D:5      | Reached skill level 8 in Fighting
  3416 | D:5      | Found a glowing drain.
  3468 | D:5      | Acquired Trog's third power
  3484 | Sewer    | Entered a sewer
  3529 | Sewer    | Reached XP level 8. HP: 77/77 MP: 7/7
  3558 | Sewer    | Reached skill level 9 in Fighting
  3686 | Sewer    | Reached skill level 5 in Staves
  3806 | D:5      | Found a snail-covered altar of Cheibriados.
  4350 | D:6      | Found a shattered altar of Ashenzari.
  4865 | D:7      | Found a bloodstained altar of Trog.
  4865 | D:7      | Noticed Joseph
  4877 | D:7      | Killed Joseph
  4877 | D:7      | Reached skill level 10 in Fighting
  4877 | D:7      | Reached XP level 9. HP: 71/85 MP: 8/8
  4906 | D:7      | Noticed Pikel
  4920 | D:7      | Killed Pikel
  4920 | D:7      | Reached skill level 10 in Staves
  4960 | D:7      | Found a white marble altar of Elyvilon.
  4961 | D:7      | Found a stormy altar of Qazlal.
  5095 | D:7      | Got a dazzling hat
  5147 | D:7      | Identified the +0 hat of Dodghudysk {+Blink rPois rCorr Slay-2} (You found it on level 7 of the Dungeon)
  5183 | D:7      | Noticed a centaur skeleton
  5188 | D:7      | Killed a centaur skeleton
  5188 | D:7      | Reached skill level 11 in Staves
  5338 | D:7      | Found Nucoghefei's Distillery.
  5500 | D:8      | Found a sand-covered staircase.
  5510 | Ossuary  | Entered an ossuary
  5559 | Ossuary  | Reached skill level 12 in Staves
  5753 | D:8      | Found a flagged portal.
  5776 | Bailey   | Entered a bailey
  5966 | Bailey   | Reached XP level 10. HP: 34/94 MP: 9/9
  6228 | Bailey   | Noticed an orc knight
  6229 | Bailey   | Noticed an orc knight
  6288 | Bailey   | Got a smoking plate armour
  6309 | Bailey   | Identified the cursed +0 plate armour of Grace {Int+8} (You took it off an orc warrior in a bailey)
  6712 | Bailey   | Noticed an orc knight
  6721 | Bailey   | HP: 1/142 [orc knight/halberd (26)]
  6724 | Bailey   | Slain by an orc knight

Vault maps used:
D:1:      dpeg_arrival_another_circle
D:2:      dk_xom_monty_hall
D:3:      minmay_misc_feat_roman, uniq_jessica, uniq_crazy_yiuf_cottage
D:4:      minmay_temple_entry_large_hall, serial_shops,
          nicolae_shop_temple_entry_statues_fountains, first_bread,
          uniq_menkaure
D:5:      lemuel_crystal_altar, gup_sewer_entry_glass
D:6:      small_statue_intersection, evilmike_ruin_ashenzari
D:7:      overflow_temple_1_default, gammafunk_temple_overflow_statue,
          serial_shops, shop, uniq_joseph, uniq_pikel
D:8:      zin_purify, serial_shops, nicolae_shop_behind_doors,
          lightli_ossuary_entry_decrepit_ruins, enter_bailey_3
Sewer:    sewer_frog_island_02
Ossuary:  ossuary_tomb_3
Bailey:   bailey_polearm_1, bailey

Action                   |  1- 3 |  4- 6 |  7- 9 | 10-12 || total
-------------------------+-------+-------+-------+-------++-------
Melee: Mace              |    53 |   107 |       |       ||   160
       Quarterstaff      |       |    13 |   240 |       ||   253
       Morningstar       |       |       |    90 |    13 ||   103
       Halberd           |       |       |       |    14 ||    14
Throw: Tomahawk          |       |       |       |    13 ||    13
Invok: Berserk           |     1 |     1 |       |     1 ||     3
       Trog's Hand       |       |       |     1 |       ||     1
  Use: Scroll            |       |     4 |    19 |     1 ||    24
       Potion            |       |       |     1 |       ||     1
 Stab: Sleeping          |     1 |       |       |       ||     1
       Paralysed         |       |       |     2 |       ||     2
  Eat: Meat ration       |       |     1 |       |       ||     1
       Chunk             |       |     1 |     3 |       ||     4
       Bread ration      |       |     1 |       |       ||     1
       Beef jerky        |       |       |     1 |     1 ||     2
       Fruit             |       |       |     6 |       ||     6
